 Dungeon Crawl Stone Soup version 0.23.2 (webtiles) character file.

Game seed: 11282470465986847298

70 Menchi the Sneak (level 4, -7/28 HPs)
             Began as a Kobold Assassin on Apr 10, 2019.
             Mangled by a raiju (8 damage)
             ... on level 1 of the Abyss.
             The game lasted 00:03:20 (1625 turns).

Menchi the Sneak (Kobold Assassin)                  Turns: 1625, Time: 00:03:21

Health: -7/28      AC:  8    Str:  9    XL:     4   Next: 44%
Magic:  13/13      EV: 11    Int: 12    God:
Gold:   26         SH:  0    Dex: 16    Spells: 3/3 levels left

rFire    . . .     SeeInvis .   a - +2 dagger
rCold    . . .     Gourm    .   (shield restricted)
rNeg     . . .     Faith    .   j - +1 scale mail
rPois    .         Spirit   .   (no helmet)
rElec    .         Reflect  .   d - +0 cloak
rCorr    .         Harm     .   (no gloves)
MR       +....                  (no boots)
Stlth    ++........             (no amulet)
HPRegen  0.09/turn              p - ring of magical power
MPRegen  0.13/turn              q - ring of protection from magic

@: no status effects
A: small, carnivore
a: no special abilities


You were on level 1 of the Abyss.
You were very full.

You visited 1 branch of the dungeon, and saw 2 of its levels.
You visited the Abyss 1 time.

You collected 26 gold pieces.

Inventory:

Hand Weapons
 a - a +2 dagger (weapon)
 b - a +0 blowgun
Missiles
 e - 18 poisoned needles
 f - 2 curare-tipped needles
Armour
 d - a +0 cloak (worn)
 j - a +1 scale mail (worn)
Jewellery
 p - a ring of magical power (left hand)
 q - a ring of protection from magic (right hand)
Scrolls
 h - a scroll of magic mapping {unknown}
 i - 2 scrolls of teleportation
 k - a scroll of amnesia
Potions
 c - a potion of might
 l - a potion of flight
 r - a potion of heal wounds
Comestibles
 g - 2 rations


   Skills:
 * Level 3.2 Fighting
 * Level 4.1 Short Blades
 - Level 2.1 Throwing
 * Level 2.6 Dodging
 - Level 5.3 Stealth


You had 3 spell levels left.
You didn't know any spells.
Your spell library was empty.

Dungeon Overview and Level Annotations

Branches:
Dungeon (2/15)

Altars:
Xom


Innate Abilities, Weirdness & Mutations

You are small and have problems with some larger weapons.
You are carnivorous and can eat meat at any time.


Message History

Found 16 stones.
You see here 16 stones. 2 raiju come into view.
The raiju barks!
A neqoxec comes into view.
A raiju comes into view.
The raiju bursts into living lightning!
The living lightning misses you. x2; The raiju blinks! x3
The raiju bites you. The raiju shocks you!
The raiju bursts into living lightning!
The living lightning hits you!
Ouch! That really hurt!
* * * LOW HITPOINT WARNING * * *
The raiju blinks!
The raiju bursts into living lightning!
The living lightning hits the raiju.
The raiju completely resists.
The living lightning misses you.
The raiju blinks!
The raiju bites you.
* * * LOW HITPOINT WARNING * * *
The raiju shocks you!
You die...

# # # #### .#..
.#.#h## #..#
#..#..@##..##. ###
#.....h.......
.....#.#..........
.#. #.#.###
###.##..##. .
..#.# ..
.##.#.##..##. .
#..##
#.....#.h.h.... #
#
..##...##.........
##...# ..
(#.###.##..##. #
#.#....#.. .#..# .
#


You could see 3 raiju.

Vanquished Creatures
  4 adders (D:2)
  An ooze (D:1)
  2 dart slugs
  3 leopard geckos
  An orc (D:2)
  2 giant cockroaches
  2 hobgoblins
  A kobold (D:1)
  A quokka (D:2)
  2 bats (D:1)
  A frilled lizard (D:1)
  2 goblins
  A rat (D:1)
23 creatures vanquished.

Notes
Turn   | Place    | Note
-------+----------+-------------------------------------------
     0 | D:1      | Menchi the Kobold Assassin began the quest for the Orb.
     0 | D:1      | Reached XP level 1. HP: 12/12 MP: 1/1
   182 | D:1      | Reached XP level 2. HP: 10/18 MP: 2/2
   800 | D:1      | Reached XP level 3. HP: 22/22 MP: 3/3
  1300 | D:2      | Reached XP level 4. HP: 15/28 MP: 4/4
  1572 | D:2      | Found a shimmering altar of Xom.
  1573 | D:2      | Cast into level 1 of the Abyss (orc)
  1618 | Abyss:1  | Noticed a raiju
  1618 | Abyss:1  | Noticed a raiju
  1618 | Abyss:1  | Noticed a neqoxec
  1618 | Abyss:1  | Noticed a raiju
  1625 | Abyss:1  | HP: 1/28 [raiju (3)]
  1625 | Abyss:1  | Mangled by a raiju

Skill      XL: |  1  2  3 |
---------------+----------+-----
Short Blades   | 3 4 |  4.1
Dodging        | 2 |  2.6
Fighting       | 3 |  3.2
Throwing       | |  2.1
Stealth        | |  5.3

Action                   |  1- 3 |  4- 6 || total
-------------------------+-------+-------++-------
Melee: Dagger            |    78 |    26 ||   104
  Use: Scroll            |     8 |       ||     8
       Potion            |     2 |       ||     2
 Stab: Sleeping          |     7 |       ||     7
  Eat: Chunk             |     5 |     4 ||     9
Armor: Robe              |     6 |       ||     6
       Scale mail        |     6 |     9 ||    15
Dodge: Dodged            |    49 |    14 ||    63
